 Dungeon Crawl Stone Soup version 0.20.1-1-g8b1a95d (webtiles) character file.

36519 lotsofdiagrams the Earth Mage (level 13, -5/69 HPs)
             Began as a Gargoyle Earth Elementalist on July 30, 2017.
             Was a High Priest of Qazlal.
             Killed from afar by a starcursed mass (8 damage)
             ... with an accursed screaming
             ... on level 3 of the Abyss.
             The game lasted 01:15:20 (19581 turns).

lotsofdiagrams the Earth Mage (GrEE)               Turns: 19581, Time: 01:15:21

Health: -5/69      AC: 21    Str: 12    XL:     13   Next: 90%
Magic:  17/39      EV: 13    Int: 21    God:    Qazlal [*****.]
Gold:   1134       SH:  7    Dex: 10    Spells: 26/39 levels left

rFire    . . .     SeeInvis .   S - +0 mace of Variability {chaos}
rCold    . . .     Gourm    .   (shield currently unavailable)
rNeg     + . .     Faith    .   U - +1 leather armour
rPois    ∞         Spirit   .   (no helmet)
rElec    +         Reflect  .   a - +0 cloak
rCorr    .         Harm     .   o - +0 pair of gloves
MR       .....                  (no boots)
Stlth    +.........             x - amulet of magic regeneration
Regen    0.3/turn               c - ring of magical power
MPRegen  0.4/turn               y - +2 ring of protection

@: protected from physical damage, berserk cooldown, slowed, repel missiles,
very slow
A: mutation resistance 1, negative energy resistance 1, electricity resistance,
unbreathing, petrification resistance, rot immunity, AC +9
a: Upheaval, Elemental Force, Disaster Area, Renounce Religion


You were on level 3 of the Abyss.
You worshipped Qazlal.
Qazlal was extremely pleased with you.
You were not hungry.

You visited 4 branches of the dungeon, and saw 16 of its levels.
You visited the Abyss 1 time.

You collected 1394 gold pieces.
You spent 260 gold pieces at shops.

Inventory:

Hand Weapons
 S - the +0 mace of Variability (weapon) {chaos}
   (You found it on level 9 of the Dungeon)

   Each time it hits an enemy it has a different, random effect.
Missiles
 u - 239 stones (quivered)
Armour
 a - a +0 cloak (worn)
 o - a +0 pair of gloves (worn)
 U - a +1 leather armour (worn)
Magical Staves
 L - an uncursed staff of summoning
 M - an uncursed staff of conjuration
Jewellery
 c - a ring of magical power (left hand)
 x - an amulet of magic regeneration (around neck)
 y - a +2 ring of protection (right hand)
 F - an uncursed amulet of the gourmand
 H - an uncursed ring of see invisible
Wands
 l - a wand of random effects (23/48)
 z - a wand of disintegration (18/24)
 B - a wand of lightning (7/15)
 C - a wand of digging (24/24)
 I - a wand of random effects (48/48)
 Q - a wand of iceblast (5/15)
 W - a wand of flame (36/48)
 X - a wand of paralysis (20/24)
Scrolls
 b - 5 scrolls of magic mapping
 g - 4 scrolls of fog
 i - a scroll of noise {unknown}
 k - 15 scrolls of remove curse
 m - 2 scrolls of amnesia
 p - a scroll of random uselessness
 r - a scroll of blinking
 N - 4 scrolls of identify
 P - a scroll of immolation
Potions
 j - 3 potions of lignification
 n - 2 potions of flight
 E - 3 potions of brilliance
 R - a potion of might
Books
 e - a book of Geomancy

   Spells                             Type                      Level
   a - Sandblast                      Earth                        1
   b - Passwall                       Transmutation/Earth          2
   c - Stone Arrow                    Conjuration/Earth            3
   d - Petrify                        Transmutation/Earth          4
   e - Lee's Rapid Deconstruction     Earth                        5
 D - a book of Frost

   Spells                             Type                      Level
   a - Freeze                         Ice                          1
   b - Throw Frost                    Conjuration/Ice              2
   c - Ozocubu's Armour               Charms/Ice                   3
   d - Throw Icicle                   Conjuration/Ice              4
   e - Summon Ice Beast               Ice/Summoning                4
 J - a Young Poisoner's Handbook

   Spells                             Type                      Level
   a - Sting                          Conjuration/Poison           1
   b - Poisonous Vapours              Poison/Air                   2
   c - Mephitic Cloud                 Conjuration/Poison/Air       3
   d - Olgreb's Toxic Radiance        Poison                       4
   e - Venom Bolt                     Conjuration/Poison           5
 T - a book of Maledictions

   Spells                             Type                      Level
   a - Corona                         Hexes                        1
   b - Ensorcelled Hibernation        Hexes/Ice                    2
   c - Confuse                        Hexes                        3
   d - Tukima's Dance                 Hexes                        3
   e - Dazzling Spray                 Conjuration/Hexes            3
 Z - a book of Conjurations

   Spells                             Type                      Level
   a - Magic Dart                     Conjuration                  1
   b - Searing Ray                    Conjuration                  2
   c - Dazzling Spray                 Conjuration/Hexes            3
   d - Fulminant Prism                Conjuration/Hexes            4
   e - Force Lance                    Conjuration/Translocation    4
   f - Iskenderun's Mystic Blast      Conjuration                  4
Comestibles
 d - 11 bread rations
 q - 11 fruits
 s - 4 royal jellies
 A - 8 meat rations


   Skills:
 + Level 3.4 Fighting
   Level 0.6 Short Blades
 + Level 2.2 Maces & Flails
 + Level 4.1 Armour
 + Level 5.0 Dodging
 + Level 3.9 Stealth
 + Level 13.5 Spellcasting
 + Level 10.5 Conjurations
   Level 0.7 Transmutations
 + Level 15.1 Earth Magic
 + Level 0.4 Invocations


You had 26 spell levels left.
You knew the following spells:

 Your Spells              Type           Power        Failure   Level  Hunger
a - Sandblast             Erth           ######       0%          1    None
b - Stone Arrow           Conj/Erth      ######       1%          3    None
c - Lee's Rapid Deconstr  Erth           ######....   1%          5    ###....
d - Iskenderun's Mystic   Conj           ######..     1%          4    None


Dungeon Overview and Level Annotations

Branches:
Dungeon (12/15)            Temple (1/1) D:4            Lair (0/6) D:10
    Orc (2/2) D:12            Elf (1/3) Orc:2

Altars:
Ashenzari
Cheibriados
Dithmenos
Elyvilon
Fedhas
Gozag
Hepliaklqana
Kikubaaqudgha
Makhleb
Nemelex Xobeh
Qazlal
Ru
Sif Muna
Trog
Uskayaw
Vehumet
Xom
Zin
The Shining One

Shops:
Orc:1 =   Orc:2 *(=*

Annotations:
D:10 1 runed door


Innate Abilities, Weirdness & Mutations

You are resistant to torment.
Your stone body is resilient. (AC +9)
You are immune to poison.
You resist negative energy. (rN+)
You are resistant to electric shocks. (rElec)
You can survive without breathing.
You are immune to petrification.
You are immune to rotting.
You are somewhat resistant to further mutation.


Message History

3 spatial vortices come into view.
There is an open door, spattered with blood here.
A starcursed mass splits.
The spatial vortex moves out of view.
The starcursed mass engulfs you but does no damage.
A chorus of shrieks assaults your mind.
* * * LOW HITPOINT WARNING * * *
A starcursed mass splits. x3
Found a plate armour.
A small abomination comes into view.
A spatial vortex comes into view.
The spatial vortex moves out of view.
A deafening chorus of shrieks assaults your mind!
* * * LOW HITPOINT WARNING * * *
A starcursed mass splits. x2
The starcursed mass is struck by lightning.
You destroy the starcursed mass!
Qazlal accepts your kill.
The starcursed mass is no longer moving quickly. x2
A deafening chorus of shrieks assaults your mind!
You die...

.....v ..## #.........#
..#.#########.........#
.......X# ##....v.....#
..(..xX.##.....#v....#
.#......X.##..........#
#.#....##X##..§.§....#
# #.#X.#.#X.X.§.§§...#
#.##$#.##.XX.@§....# #
## ## ##...#§§....[## .
... # ##...##..#..## ..
.##.#.#..#....## ...
.#..##.#.#....# ... .
####...#....# .. . ..
#.. .##.### # . ## .##.
..#.# . . . # . #


You could see 5 starcursed masses and a spatial vortex.

Vanquished Creatures
  A deep elf death mage (Elf:1)
  The ghost of malin the Grappler, a journeyman DrMo of Uskayaw (D:11)
  A hydra (D:11)
  3 two-headed ogres
  3 thrashing horrors (Abyss:3)
  3 orc high priests (Orc:2)
  Sonja (D:10)
  A deep elf knight (Elf:1)
  4 unseen horrors
  A deep elf archer (Elf:1)
  5 orc knights (Orc:2)
  Pikel (D:7)
  4 orc sorcerers (Orc:2)
  2 ugly things
  A cyclops (D:11)
  9 deep elf magi
  A gargoyle (D:12)
  Psyche (D:12)
  A kobold demonologist (D:12)
  2 rime drakes (D:12)
  2 hornets
  3 trolls
  Prince Ribbit (D:6)
  3 hippogriffs
  A spriggan (D:7)
  2 wraiths
  A shadow (D:12)
  10 yaks
  A wyvern (D:10)
  2 chaos spawn (D:9)
  2 wargs
  A soldier ant (D:11)
  A water moccasin (D:8)
  Duvessa (D:7)
  3 phantoms
  3 sky beasts
  An eye of draining (D:8)
  18 ogres
  23 orc warriors
  7 centaurs
  2 starcursed masses (Abyss:3)
  2 crocodiles (D:8)
  4 big kobolds
  6 bullfrogs
  2 scorpions (D:8)
  Dowan (D:7)
  15 killer bees
  15 wights
  2 howler monkeys
  An electric eel (D:6)
  A bullfrog zombie (D:6)
  3 crimson imps
  4 centaur zombies
  7 hounds
  18 orc priests
  A quasit (D:7)
  A bullfrog skeleton (D:12)
  2 centaur skeletons
  A jelly (D:10)
  3 iguanas
  26 orc wizards
  7 worker ants
  A killer bee zombie (D:7)
  A hound skeleton (D:7)
  2 worker ant zombies
  6 gnolls
  16 adders
  A howler monkey skeleton (D:8)
  A white imp (Abyss:3)
  2 oozes
  An adder zombie (D:8)
  An adder skeleton (D:7)
  6 worms
  A dart slug (D:2)
  5 leopard geckos
  79 orcs
  3 ball pythons
  10 bats
  9 giant cockroaches
  8 goblins
  8 hobgoblins
  10 jackals
  23 kobolds
  11 quokkas
  6 frilled lizards
  A giant cockroach zombie (D:5)
  A quokka skeleton (D:4)
  12 rats
481 creatures vanquished.

Vanquished Creatures (others)
  4 slaves (D:7)
  A bullfrog (D:7)
  A wight (D:7)
  An adder (D:7)
  A kobold (D:7)
8 creatures vanquished.

Grand Total: 489 creatures vanquished

Notes
Turn   | Place    | Note
-------+----------+-------------------------------------------
     0 | D:1      | lotsofdiagrams the Gargoyle Earth Elementalist began the quest for the Orb.
     0 | D:1      | Reached XP level 1. HP: 10/10 MP: 3/3
    88 | D:1      | Reached skill level 4 in Earth Magic
    88 | D:1      | Reached XP level 2. HP: 15/15 MP: 0/5
   563 | D:1      | Reached XP level 3. HP: 19/19 MP: 4/6
  1042 | D:1      | Learned a level 3 spell: Stone Arrow
  1984 | D:1      | Reached XP level 4. HP: 24/24 MP: 0/8
  2321 | D:2      | Found a bloodstained altar of Trog.
  2322 | D:2      | Found a hide-covered altar of Uskayaw.
  2819 | D:2      | Found a snail-covered altar of Cheibriados.
  3197 | D:2      | Found a blossoming altar of Fedhas.
  3471 | D:2      | Reached XP level 5. HP: 28/28 MP: 5/9
  3622 | D:3      | Reached skill level 5 in Earth Magic
  3721 | D:3      | Reached skill level 1 in Conjurations
  4464 | D:4      | Found a staircase to the Ecumenical Temple.
  4489 | Temple   | Entered the Ecumenical Temple
  4662 | Temple   | Became a worshipper of Qazlal Stormbringer
  4756 | D:4      | Noticed an ogre
  4759 | D:4      | Killed an ogre
  4759 | D:4      | Reached XP level 6. HP: 32/32 MP: 1/12
  4906 | D:4      | Noticed a phantom
  4919 | D:4      | Killed a phantom
  5008 | D:4      | Reached XP level 7. HP: 32/36 MP: 1/13
  5313 | D:4      | Reached skill level 6 in Earth Magic
  5480 | D:4      | Learned a level 5 spell: Lee's Rapid Deconstruction
  5760 | D:5      | Entered Level 5 of the Dungeon
  6238 | D:5      | Reached skill level 5 in Spellcasting
  6844 | D:6      | Reached XP level 8. HP: 42/42 MP: 2/15
  6971 | D:6      | Noticed Prince Ribbit
  6977 | D:6      | Killed Prince Ribbit
  6977 | D:6      | Reached skill level 7 in Earth Magic
  7585 | D:6      | Reached skill level 8 in Earth Magic
  7646 | D:6      | Gained mutation: Your body sometimes deteriorates upon taking damage. [potion of mutation]
  7646 | D:6      | Gained mutation: You are partially covered in molten scales. (AC +2) [potion of mutation]
  7646 | D:6      | Gained mutation: You have a pair of small horns on your head. [potion of mutation]
  7745 | D:6      | Reached * piety under Qazlal
  7745 | D:6      | Reached skill level 5 in Conjurations
  7749 | D:6      | Reached skill level 1 in Fighting
  7753 | D:6      | Gained mutation: You can translocate small distances at will. [mutagenic meat]
  7754 | D:6      | Gained mutation: You are dopey. (Int -2) [mutagenic meat]
  7755 | D:6      | Gained mutation: Your spells are a little harder to cast, but a little more powerful. [mutagenic meat]
  7757 | D:6      | Lost mutation: You are dopey. (Int -2) [mutagenic meat]
  8160 | D:7      | Reached XP level 9. HP: 47/47 MP: 11/18
  8358 | D:7      | Noticed Pikel
  8368 | D:7      | Killed Pikel
  8589 | D:7      | Reached skill level 9 in Earth Magic
  8600 | D:7      | Noticed Dowan
  8601 | D:7      | Noticed Duvessa
  8739 | D:7      | Killed Dowan
  8744 | D:7      | Killed Duvessa
  8903 | D:7      | Lost mutation: Your body sometimes deteriorates upon taking damage. [potion of mutation]
  8903 | D:7      | Lost mutation: You have a pair of small horns on your head. [potion of mutation]
  8903 | D:7      | Gained mutation: You have very sharp teeth. [potion of mutation]
  8903 | D:7      | Gained mutation: Your mind is acute. (Int +2) [potion of mutation]
  8903 | D:7      | Gained mutation: You have sharp fingernails. [potion of mutation]
  8903 | D:7      | Gained mutation: You have sharp toenails. [potion of mutation]
  8904 | D:7      | Lost mutation: You have very sharp teeth. [potion of mutation]
  8904 | D:7      | Lost mutation: You have sharp toenails. [potion of mutation]
  8904 | D:7      | Lost mutation: Your mind is acute. (Int +2) [potion of mutation]
  8904 | D:7      | Lost mutation: You are partially covered in molten scales. (AC +2) [potion of mutation]
  8904 | D:7      | Lost mutation: You have sharp fingernails. [potion of mutation]
  8904 | D:7      | Gained mutation: Your flesh is heat resistant. (rF+) [potion of mutation]
  8904 | D:7      | Gained mutation: You possess an exceptional clarity of mind. [potion of mutation]
  9238 | D:7      | Reached ** piety under Qazlal
  9457 | D:7      | Reached XP level 10. HP: 53/53 MP: 14/21
  9488 | D:8      | Reached skill level 10 in Earth Magic
 10112 | D:8      | Found a shadowy altar of Dithmenos.
 10604 | D:8      | Found a sparkling altar of Nemelex Xobeh.
 11030 | D:9      | Found a hazy altar of Hepliaklqana.
 11089 | D:9      | Reached skill level 11 in Earth Magic
 11152 | D:9      | Found a shimmering altar of Xom.
 11201 | D:9      | Reached *** piety under Qazlal
 11794 | D:9      | Learned a level 4 spell: Iskenderun's Mystic Blast
 11818 | D:10     | Entered Level 10 of the Dungeon
 11818 | D:10     | Noticed a two-headed ogre
 11823 | D:10     | Killed a two-headed ogre
 11823 | D:10     | Reached XP level 11. HP: 57/57 MP: 14/24
 11846 | D:10     | Noticed Sonja
 11869 | D:10     | Killed Sonja
 11869 | D:10     | Reached skill level 10 in Spellcasting
 12069 | D:10     | Noticed an unseen horror
 12081 | D:10     | Killed an unseen horror
 12139 | D:10     | Reached skill level 1 in Maces & Flails
 12139 | D:10     | Reached skill level 12 in Earth Magic
 12149 | D:10     | Noticed a two-headed ogre
 12163 | D:10     | Killed a two-headed ogre
 12163 | D:10     | Reached skill level 1 in Armour
 12345 | D:10     | Found a staircase to the Lair.
 12349 | D:10     | Noticed an unseen horror
 12359 | D:10     | Killed an unseen horror
 12463 | D:10     | Found a runed door.
 12463 | D:10     | Found a white marble altar of Elyvilon.
 12463 | D:10     | Noticed an angel
 12696 | D:11     | Found a white marble altar of Elyvilon.
 12715 | D:10     | Reached **** piety under Qazlal
 13125 | D:11     | Noticed malin's ghost (journeyman DrMo)
 13137 | D:11     | HP: 2/58 [malin's ghost (6)]
 13156 | D:11     | HP: 1/58 [orc priest/nerve-wracking pain (3)]
 13317 | D:11     | Killed malin's ghost
 13480 | D:11     | Reached XP level 12. HP: 53/64 MP: 1/27
 13962 | D:11     | Gained mutation: Potions are less effective at restoring your health. [mutagenic meat]
 13963 | D:11     | Gained mutation: You have very sharp teeth. [mutagenic meat]
 13964 | D:11     | Gained mutation: Your magical capacity is low. (-10% MP) [mutagenic meat]
 13965 | D:11     | Lost mutation: Your flesh is heat resistant. (rF+) [mutagenic meat]
 13969 | D:11     | Noticed a five-headed hydra
 13974 | D:11     | Killed a five-headed hydra
 13974 | D:11     | Reached skill level 13 in Earth Magic
 14555 | D:12     | Reached ***** piety under Qazlal
 14813 | D:12     | Lost mutation: You can translocate small distances at will. [potion of mutation]
 14813 | D:12     | Lost mutation: Your spells are a little harder to cast, but a little more powerful. [potion of mutation]
 14813 | D:12     | Lost mutation: You possess an exceptional clarity of mind. [potion of mutation]
 14813 | D:12     | Lost mutation: Your magical capacity is low. (-10% MP) [potion of mutation]
 14813 | D:12     | Lost mutation: Potions are less effective at restoring your health. [potion of mutation]
 14813 | D:12     | Lost mutation: You have very sharp teeth. [potion of mutation]
 14813 | D:12     | Gained mutation: You are somewhat resistant to further mutation. [potion of mutation]
 14920 | D:12     | Found a staircase to the Orcish Mines.
 15235 | D:12     | Noticed Psyche
 15238 | D:12     | Killed Psyche
 15893 | Orc:1    | Entered Level 1 of the Orcish Mines
 16229 | Orc:1    | Found Onasyky's Jewellery Shoppe.
 16233 | Orc:1    | Bought an uncursed ring of magical power for 260 gold pieces
 16516 | Orc:2    | Entered Level 2 of the Orcish Mines
 16516 | Orc:2    | Found a bloodstained altar of Trog.
 16644 | Orc:2    | Noticed a two-headed ogre
 16646 | Orc:2    | Reached skill level 14 in Earth Magic
 16730 | Orc:2    | Killed a two-headed ogre
 16734 | Orc:2    | Reached XP level 13. HP: 42/68 MP: 21/29
 17001 | Orc:2    | Found a staircase to the Elven Halls.
 18540 | Orc:2    | Found Bumyetott's General Store.
 18540 | Orc:2    | Found Doisurphaf's Weapon Emporium.
 18542 | Orc:2    | Found Qaxt's Jewellery Boutique.
 18542 | Orc:2    | Found Leorgh's Assorted Antiques.
 18704 | Elf:1    | Entered Level 1 of the Elven Halls
 18802 | Orc:2    | Reached skill level 10 in Conjurations
 19279 | Elf:1    | Noticed a deep elf demonologist
 19281 | Elf:1    | Noticed a deep elf death mage
 19285 | Elf:1    | Noticed a Hell Sentinel
 19297 | Orc:2    | Reached skill level 15 in Earth Magic
 19522 | Elf:1    | Killed a deep elf death mage
 19522 | Elf:1    | Cast into level 3 of the Abyss (a deep elf demonologist)
 19560 | Abyss:3  | Reached skill level 5 in Dodging
 19579 | Abyss:3  | HP: 2/69 [starcursed mass/accursed screaming (7)]
 19581 | Abyss:3  | Killed from afar by a starcursed mass

Skill      XL: |  1  2  3  4  5  6  7  8  9 10 11 12 13 |
---------------+----------------------------------------+-----
Earth Magic    | 4 5 6 8 9 11 12 14 15 | 15.1
Spellcasting   | 3 4 5 6 7 9 11 12 13 | 13.5
Dodging        | 2 3 4 5 |  5.0
Conjurations   | 2 3 5 6 7 8 9 10 | 10.5
Stealth        | 3 |  3.9
Fighting       | 1 2 3 |  3.4
Maces & Flails | 2 |  2.2
Armour         | 2 3 4 |  4.1
Short Blades   | |  0.6
Transmutations | |  0.7
Invocations    | |  0.4

Action                   |  1- 3 |  4- 6 |  7- 9 | 10-12 | 13-15 || total
-------------------------+-------+-------+-------+-------+-------++-------
Melee: Unarmed           |     1 |       |       |       |       ||     1
       Short sword       |    10 |    32 |       |       |       ||    42
       Mace              |       |     5 |     2 |       |       ||     7
       Staff             |       |       |    10 |     1 |       ||    11
       Headbutt          |       |       |     1 |       |       ||     1
       Great mace        |       |       |       |    14 |     9 ||    23
       Bite              |       |       |       |     1 |       ||     1
 Cast: Sandblast         |    33 |    20 |    10 |    26 |    18 ||   107
       Stone Arrow       |    16 |    73 |   130 |   315 |   124 ||   658
       Lee's Rapid Decon |       |       |     7 |    46 |    19 ||    72
       Iskenderun's Myst |       |       |       |    14 |    10 ||    24
Invok: Upheaval          |       |       |       |     1 |       ||     1
       Disaster Area     |       |       |       |     1 |       ||     1
  Use: Scroll            |       |       |    15 |     7 |     1 ||    23
       Potion            |       |       |    12 |     3 |     3 ||    18
  Eat: Chunk             |     4 |    18 |    25 |    29 |    12 ||    88
       Fruit             |       |       |     1 |       |       ||     1
       Meat ration       |       |       |       |     1 |       ||     1
Armor: Robe              |    64 |    47 |    80 |    25 |       ||   216
       Troll leather arm |       |       |       |    83 |       ||    83
       Leather armour    |       |       |       |    19 |    42 ||    61
Dodge: Dodged            |    88 |    75 |    96 |   195 |    50 ||   504
       Deflected         |       |       |       |    13 |     6 ||    19
Block: Other             |       |       |    11 |    67 |    31 ||   109
